MWL (24 & UNDER)
WISCONSIN RAPIDS RANGERS @ COLUMBIA 08S
06/27/2027
 
TOP OF THE 1ST
Wisconsin Rapids Rangers batting - Pitching for Columbia 08s : LHP Glenn Fox
Pitching: LHP Glenn Fox
Batting: SHB José González 0-0: Ball
1-0: SINGLE (Groundball, 56S) (infield hit)
Batting: LHB Javier Mejía 0-0: Hit by Pitch
José González to second
Batting: SHB Martín Medina 0-0: SINGLE (Flyball, 9LS)
José González to third
Javier Mejía to second
Batting: LHB Ralph Cobb 0-0: Called Strike
0-1: Fielders Choice at 2nd, 4-6 (Groundball, 34)
José González scores
Javier Mejía to third
Batting: LHB Luis Rodríguez 0-0: Ball
1-0: Swinging Strike
1-1: Foul Ball, location: 2F
1-2: Ball
2-2: Ball
Ralph Cobb is caught stealing 2nd base
3-2: Strikes out looking
Top of the 1st over - 1 run(s), 2 hit(s), 0 error(s), 1 left on base; Wisconsin Rapids 1 - Columbia 0
BOTTOM OF THE 1ST
Columbia 08s batting - Pitching for Wisconsin Rapids Rangers : RHP Júlio Feliciano
Pitching: RHP Júlio Feliciano
Batting: RHB Ben Barker 0-0: Reached on error, E5 (Groundball, 5)
Batting: RHB Pedro López 0-0: Ball
1-0: Fly out, F9 (Flyball, 89M)
Batting: RHB Tom Hicks 0-0: Called Strike
0-1: Ball
1-1: Ball
2-1: Ball
3-1: SINGLE (Line Drive, 89S)
Ben Barker to second
Runner from 2nd tries for 3rd, SAFE, throw made to third
Batting: RHB Jaime Hernández 0-0: Called Strike
0-1: Ball
1-1: Fly out, F3 (Popup, 3S)
Batting: SHB Juan Carlos González 0-0: Swinging Strike
0-1: Ball
1-1: Called Strike
1-2: Ball
2-2: Foul Ball, location: 2F
2-2: Ball
3-2: SINGLE (Line Drive, 4M)
Ben Barker scores
Tom Hicks to second
Tom Hicks to third
Batting: RHB Martín Pérez 0-0: Swinging Strike
0-1: Swinging Strike
0-2: Foul Ball, location: 2F
0-2: Ball
1-2: Fielders Choice at 2nd, 6-4 (Groundball, 6)
Bottom of the 1st over - 1 run(s), 2 hit(s), 1 error(s), 1 left on base; Wisconsin Rapids 1 - Columbia 1
TOP OF THE 2ND
Wisconsin Rapids Rangers batting - Pitching for Columbia 08s : LHP Glenn Fox
Batting: RHB Miguel Toro 0-0: Ball
1-0: Called Strike
1-1: Ground out U3 (Groundball, 34)
Batting: LHB Ronald Gordon 0-0: Called Strike
0-1: Fly out, F7 (Flyball, 78D)
Batting: RHB Wilfred Martin 0-0: Called Strike
0-1: Fly out, F7 (Flyball, 78M)
Top of the 2nd over - 0 run(s), 0 hit(s), 0 error(s), 0 left on base; Wisconsin Rapids 1 - Columbia 1
BOTTOM OF THE 2ND
Columbia 08s batting - Pitching for Wisconsin Rapids Rangers : RHP Júlio Feliciano
Batting: RHB Vernon Sterling 0-0: Foul Ball, location: 2F
0-1: Ball
1-1: Ball
2-1: Fly out, F9 (Flyball, 89D)
Batting: RHB Bernardo Corona 0-0: Fly out, F3 (Flyball, 34D)
Batting: LHB Dave Raines 0-0: Swinging Strike
0-1: Fly out, F9 (Flyball, 89M)
Bottom of the 2nd over - 0 run(s), 0 hit(s), 0 error(s), 0 left on base; Wisconsin Rapids 1 - Columbia 1
TOP OF THE 3RD
Wisconsin Rapids Rangers batting - Pitching for Columbia 08s : LHP Glenn Fox
Batting: SHB Jacob Wilcox 0-0: Foul Ball, location: 2F
0-1: Swinging Strike
0-2: Strikes out swinging
Batting: SHB José González 0-0: Called Strike
0-1: Called Strike
0-2: Strikes out swinging
Batting: LHB Javier Mejía 0-0: Called Strike
0-1: Fly out, F7 (Flyball, 78M)
Top of the 3rd over - 0 run(s), 0 hit(s), 0 error(s), 0 left on base; Wisconsin Rapids 1 - Columbia 1
BOTTOM OF THE 3RD
Columbia 08s batting - Pitching for Wisconsin Rapids Rangers : RHP Júlio Feliciano
Batting: RHB Ben Barker 0-0: Fly out, F8 (Flyball, 8LM)
Batting: RHB Pedro López 0-0: Ball
1-0: Ball
2-0: Called Strike
2-1: Called Strike
2-2: Ground out 4-3 (Groundball, 4S)
Batting: RHB Tom Hicks 0-0: Called Strike
0-1: Ball
1-1: Ball
2-1: Foul Ball, location: 2F
2-2: Ball
3-2: SOLO HOME RUN (Flyball, 7D), Distance : 397 ft
Batting: RHB Jaime Hernández 0-0: Ball
1-0: Called Strike
1-1: Called Strike
1-2: SINGLE (Groundball, 56D)
Batting: SHB Juan Carlos González Pickoff Throw to First - Error! E1
Jaime Hernández to second
0-0: Ball
1-0: Called Strike
1-1: Fly out, F8 (Flyball, 8LM)
Bottom of the 3rd over - 1 run(s), 2 hit(s), 1 error(s), 1 left on base; Wisconsin Rapids 1 - Columbia 2
TOP OF THE 4TH
Wisconsin Rapids Rangers batting - Pitching for Columbia 08s : LHP Glenn Fox
Batting: SHB Martín Medina 0-0: Foul Ball, location: 2F
0-1: Called Strike
0-2: Ball
1-2: Foul Ball, location: 2F
1-2: Foul Ball, location: 2F
1-2: Fly out, F7 (Flyball, 7S)
Batting: LHB Ralph Cobb 0-0: Ball
1-0: SINGLE (Line Drive, 7LS)
Batting: LHB Luis Rodríguez 0-0: Ball
1-0: Foul Ball, location: 2F
1-1: Foul Ball, location: 2F
1-2: Strikes out swinging
Batting: RHB Miguel Toro 0-0: Fly out, F2 (Popup, 25)
Top of the 4th over - 0 run(s), 1 hit(s), 0 error(s), 1 left on base; Wisconsin Rapids 1 - Columbia 2
BOTTOM OF THE 4TH
Columbia 08s batting - Pitching for Wisconsin Rapids Rangers : RHP Júlio Feliciano
Batting: RHB Martín Pérez 0-0: Swinging Strike
0-1: Ball
1-1: Foul Ball, location: 2F
1-2: Ball
2-2: Ball
3-2: Hit by Pitch
Batting: RHB Vernon Sterling 0-0: Ball
1-0: Grounds into double play, 4-6-3 (Groundball, 4)
Batting: RHB Bernardo Corona 0-0: Ball
1-0: Ground out 5-3 (Groundball, 25)
Bottom of the 4th over - 0 run(s), 0 hit(s), 0 error(s), 0 left on base; Wisconsin Rapids 1 - Columbia 2
TOP OF THE 5TH
Wisconsin Rapids Rangers batting - Pitching for Columbia 08s : LHP Glenn Fox
Batting: LHB Ronald Gordon 0-0: Ball
1-0: Ball
2-0: Ball
3-0: Called Strike
3-1: Swinging Strike
3-2: Fly out, F8 (Line Drive, 8RM)
Batting: RHB Wilfred Martin 0-0: Swinging Strike
0-1: Ball
1-1: Ball
2-1: Ball
3-1: Foul Ball, location: 2F
3-2: Strikes out swinging
Batting: SHB Jacob Wilcox 0-0: Ball
1-0: Ball
2-0: Ground out 4-3 (Groundball, 4)
Top of the 5th over - 0 run(s), 0 hit(s), 0 error(s), 0 left on base; Wisconsin Rapids 1 - Columbia 2
BOTTOM OF THE 5TH
Columbia 08s batting - Pitching for Wisconsin Rapids Rangers : RHP Júlio Feliciano
Batting: LHB Dave Raines 0-0: Ball
1-0: Fly out, F4 (Popup, 34D)
Batting: RHB Ben Barker 0-0: Called Strike
0-1: Fly out, F8 (Flyball, 89M)
Batting: RHB Pedro López 0-0: Ball
1-0: Ball
2-0: SINGLE (Groundball, 4) (infield hit)
Batting: RHB Tom Hicks 0-0: DOUBLE (Line Drive, 7LM)
Pedro López to third
Runner from 3rd tries for Home, SAFE, no throw
Batting: RHB Jaime Hernández 0-0: Ball
1-0: Ball
2-0: Swinging Strike
2-1: Ball
3-1: Swinging Strike
3-2: Strikes out swinging
Bottom of the 5th over - 1 run(s), 2 hit(s), 0 error(s), 1 left on base; Wisconsin Rapids 1 - Columbia 3
TOP OF THE 6TH
Wisconsin Rapids Rangers batting - Pitching for Columbia 08s : LHP Glenn Fox
Batting: SHB José González 0-0: Foul Ball, location: 2F
0-1: Ball
1-1: Foul Ball, location: 2F
1-2: Ball
2-2: Strikes out swinging
Batting: LHB Javier Mejía 0-0: Ball
1-0: Ball
2-0: Foul Ball, location: 2F
2-1: Called Strike
2-2: Ball
3-2: Strikes out swinging
Batting: SHB Martín Medina 0-0: Fly out, F9 (Flyball, 89M)
Top of the 6th over - 0 run(s), 0 hit(s), 0 error(s), 0 left on base; Wisconsin Rapids 1 - Columbia 3
BOTTOM OF THE 6TH
Columbia 08s batting - Pitching for Wisconsin Rapids Rangers : RHP Júlio Feliciano
Batting: SHB Juan Carlos González 0-0: Called Strike
0-1: Foul Ball, location: 2F
0-2: Ball
1-2: Strikes out swinging
Batting: RHB Martín Pérez 0-0: Called Strike
0-1: DOUBLE (Flyball, 8LXD)
Batting: RHB Vernon Sterling 0-0: Intentional Walk
Batting: RHB Bernardo Corona 0-0: DOUBLE (Flyball, 78XD)
Martín Pérez scores
Vernon Sterling to third
Batting: LHB Dave Raines 0-0: Ball
1-0: Ball
2-0: Foul Ball, location: 2F
2-1: Reached on error, E9 (Flyball, 9)
Vernon Sterling scores
Bernardo Corona to third
Pitching: LHP Gregory Thompson
Batting: RHB Ben Barker 0-0: Ball
1-0: Foul Ball, location: 2F
1-1: Swinging Strike
1-2: Strikes out swinging
Batting: RHB Pedro López 0-0: Foul Ball, location: 2F
0-1: Foul Ball, location: 2F
0-2: Fielders Choice at 2nd, 6-4 (Groundball, 6)
Bottom of the 6th over - 2 run(s), 2 hit(s), 1 error(s), 1 left on base; Wisconsin Rapids 1 - Columbia 5
TOP OF THE 7TH
Wisconsin Rapids Rangers batting - Pitching for Columbia 08s : LHP Glenn Fox
Batting: LHB Ralph Cobb 0-0: Ball
1-0: Hit by Pitch
Batting: LHB Luis Rodríguez 0-0: Called Strike
0-1: Called Strike
0-2: Ball
1-2: Strikes out swinging
Batting: RHB Miguel Toro 0-0: Called Strike
0-1: Fielders Choice at 2nd, 5-4 (Groundball, 56)
Batting: LHB Ronald Gordon 0-0: Called Strike
0-1: SINGLE (Line Drive, 34)
Miguel Toro to second
Batting: RHB Wilfred Martin 0-0: Called Strike
0-1: Foul Ball, location: 2F
0-2: Ball
1-2: Strikes out looking
Top of the 7th over - 0 run(s), 1 hit(s), 0 error(s), 2 left on base; Wisconsin Rapids 1 - Columbia 5
BOTTOM OF THE 7TH
Columbia 08s batting - Pitching for Wisconsin Rapids Rangers : LHP Gregory Thompson
Batting: RHB Tom Hicks 0-0: Swinging Strike
0-1: Ball
1-1: Ball
2-1: Ball
3-1: Base on Balls
Batting: RHB Jaime Hernández 0-0: SINGLE (Groundball, 6MD)
Tom Hicks to second
Runner from 2nd tries for 3rd, SAFE, throw made to third
Batting: SHB Juan Carlos González 0-0: SINGLE (Groundball, 56S) (infield hit)
Tom Hicks scores
Jaime Hernández to second
Batting: RHB Martín Pérez 0-0: Bunt missed!
0-1: Sac Bunt - play at first, batter OUT! 1-4
Jaime Hernández to third
Juan Carlos González to second
Batting: RHB Vernon Sterling 0-0: Called Strike
0-1: Ball
1-1: Ball
2-1: Ball
3-1: Foul Ball, location: 2F
3-2: Base on Balls
Batting: RHB Bernardo Corona 0-0: Called Strike
0-1: Fly out, F7 (Flyball, 78M)
Batting: LHB Dave Raines 0-0: Ball
1-0: Swinging Strike
1-1: Ball
2-1: Foul Ball, location: 2F
2-2: Strikes out swinging
Bottom of the 7th over - 1 run(s), 2 hit(s), 0 error(s), 3 left on base; Wisconsin Rapids 1 - Columbia 6
TOP OF THE 8TH
Wisconsin Rapids Rangers batting - Pitching for Columbia 08s : LHP Glenn Fox
Batting: SHB Jacob Wilcox 0-0: Called Strike
0-1: Ball
1-1: Ball
2-1: Ball
3-1: Foul Ball, location: 2F
3-2: Ground out 4-3 (Groundball, 4)
Pitching: RHP José Peńa
Batting: SHB José González 0-0: Called Strike
0-1: Foul Ball, location: 2F
0-2: Strikes out looking
Batting: LHB Javier Mejía 0-0: Called Strike
0-1: Ball
1-1: Ball
2-1: Foul Ball, location: 2F
2-2: Foul Ball, location: 2F
2-2: Foul Ball, location: 2F
2-2: Fly out, F7 (Flyball, 7LM)
Top of the 8th over - 0 run(s), 0 hit(s), 0 error(s), 0 left on base; Wisconsin Rapids 1 - Columbia 6
BOTTOM OF THE 8TH
Columbia 08s batting - Pitching for Wisconsin Rapids Rangers : LHP Gregory Thompson
Batting: RHB Ben Barker 0-0: Ground out 5-3 (Groundball, 5)
Batting: RHB Pedro López 0-0: Ball
1-0: Called Strike
1-1: Foul Ball, location: 2F
1-2: SOLO HOME RUN (Flyball, 9LD), Distance : 360 ft
Batting: RHB Tom Hicks 0-0: Fly out, F6 (Popup, 56D)
Batting: RHB Jaime Hernández 0-0: Fly out, F9 (Flyball, 9S)
Bottom of the 8th over - 1 run(s), 1 hit(s), 0 error(s), 0 left on base; Wisconsin Rapids 1 - Columbia 7
TOP OF THE 9TH
Wisconsin Rapids Rangers batting - Pitching for Columbia 08s : RHP José Peńa
Now in LF: Claudio Palácios
Batting: SHB Martín Medina 0-0: Ball
1-0: Called Strike
1-1: Fly out, F6 (Popup, 6S)
Batting: LHB Ralph Cobb 0-0: Called Strike
0-1: Ball
1-1: Fly out, F4 (Popup, 4D)
Batting: LHB Luis Rodríguez 0-0: Foul Ball, location: 2F
0-1: Ball
1-1: Ball
2-1: Foul Ball, location: 2F
2-2: Ball
3-2: Strikes out looking
Top of the 9th over - 0 run(s), 0 hit(s), 0 error(s), 0 left on base; Wisconsin Rapids 1 - Columbia 7
Thursday, March 30th, 2017 - OOTP Baseball 17.12 Build 75